 Dungeon Crawl Stone Soup version 0.30.1-8-g117510f58f (webtiles) character file.

Game seed: 18431064135848882810

25 Ivernyr the Ducker (level 2, 0/16 HPs)
             Began as a Spriggan Fighter on Sept 23, 2023.
             Slain by a worm (11 damage)
             ... on level 2 of the Dungeon.
             The game lasted 00:01:28 (942 turns).

Ivernyr the Ducker (Spriggan Fighter)                Turns: 942, Time: 00:01:29

Health: 0/16       AC:  2    Str: 12    XL:     2   Next: 82%
Magic:  3/3        EV: 17    Int:  9    God:
Gold:   69         SH:  4    Dex: 14    Spells: 1/1 levels left

rFire   . . .        a - +0 rapier
rCold   . . .        c - +0 buckler
rNeg    . . .        b - +0 robe
rPois   .            (helmet restricted)
rElec   .            (no cloak)
rCorr   .            (gloves unavailable)
SInv    +            (boots unavailable)
Will    .....        (no amulet)
Stlth   +            (no ring)
HPRegen 0.22/turn    (no ring)
MPRegen 0.08/turn

%: no passive effects
@: very quick
A: very small, no large weapons, unfitting armour, see invisible, speed 3
a: no special abilities


You were on level 2 of the Dungeon.
You visited 1 branch of the dungeon, and saw 2 of its levels.

You collected 69 gold pieces.

Inventory:

Hand Weapons
 a - a +0 rapier (weapon)
Armour
 b - a +0 robe (worn)
 c - a +0 buckler (worn)
Scrolls
 e - a scroll of vulnerability {unknown}
 f - a scroll of butterflies {unknown}
 g - 4 scrolls of teleportation {unknown}
 h - a scroll of enchant weapon {unknown}
 i - a scroll of silence {unknown}
 l - a scroll of noise {unknown}
Potions
 d - a potion of might
 j - 2 potions of heal wounds {unknown}
 k - a potion of haste {unknown}


   Skills:
 + Level 2.6 Fighting
 * Level 2.9 Short Blades
 + Level 4.3 Dodging
 + Level 2.3 Shields


You had one spell level left.
You didn't know any spells.
Your spell library was empty.

Dungeon Overview and Level Annotations

Branches:
Dungeon (2/15)

Altars:


Innate Abilities, Weirdness & Mutations

You are very small and have problems with some larger weapons.
You are too small for most types of armour.
You have supernaturally acute eyesight. (SInv)
You cover ground extremely quickly. (Speed+++)


Message History

The rat barely misses you.
You completely miss the rat. The rat bites you.
The kobold shouts!
You hit the rat.
You kill the rat!
A worm comes into view.
Found a stone staircase leading down.
You see here a rat corpse.
The kobold hits you but does no damage.
You closely miss the kobold. The kobold misses you.
You hit the kobold.
The kobold is moderately wounded.
You block the kobold's attack.
You miss the kobold.
The kobold is moderately wounded.
The kobold completely misses you.
You closely miss the kobold.
The kobold is moderately wounded.
The dart slug launches a dart at you. The slug dart hits you.
The kobold barely misses you.
You hit the kobold.
You kill the kobold!
You block the dart slug's attack.
Things that are here:
a +0 club; a +0 leather armour The dart slug misses you.
You hit the dart slug but do no damage. You hit the dart slug.
The dart slug is heavily wounded.
The dart slug bites you.
You hit the dart slug.
The dart slug is almost dead.
The dart slug barely misses you.
You hit the dart slug.
You kill the dart slug!
You hit the worm.
The worm is lightly wounded.
The worm bites you!
Ouch! That really hurt!
You die...

###.# ... #.# #
...##.# . #.#
#.##.#..# .. #.#
#....†# .#.
#.#########.## ..
#.##.........#.#
#.##.###.##....#
###.##.###.##w##.....
#<.....##...#@###.###
###.#.....#.#.####..
#.[..#....#.# .##
#.#.....#..... #
#....##...###..
##...###### ## ##...
#####


You could see a worm.

Vanquished Creatures
  A dart slug (D:2)
  2 ball pythons (D:1)
  2 endoplasms (D:1)
  2 goblins (D:1)
  A hobgoblin (D:1)
  3 quokkas (D:1)
  A frilled lizard (D:1)
  5 kobolds
  3 rats
20 creatures vanquished.

Notes
Turn   | Place    | Note
-------+----------+-------------------------------------------
     0 | D:1      | Ivernyr the Spriggan Fighter began the quest for the Orb.
     0 | D:1      | Reached XP level 1. HP: 11/11 MP: 2/2
   392 | D:1      | Reached XP level 2. HP: 16/16 MP: 3/3
   749 | D:1      | Found a faded altar of an unknown god.
   942 | D:2      | Slain by a worm

Illustrated notes

Levels and vault maps discovered:
D:1:      arrival_zaba_pyramid, layout_basic, shapermc_ecumenical_altar_petra,
          serial_bayou_pond_a, minmay_pentomino_t2
D:2:      layout_basic, nicolae_concentric_dashed_squares_wild,
          chequers_serial_rivers_micro_b, minmay_misc_feat_five

Action                     || total
---------------------------++-------
  Melee: Rapier            ||    62
   Stab: Sleeping          ||     2
 Armour: Robe              ||     4
  Dodge: Dodged            ||    33
  Block: Buckler           ||    11
